 Dungeon Crawl Stone Soup version 0.32-a0-928-g1cae6b7ea0 (webtiles) character file.

Game seed: 9579494969515766393

30328 Daunt the Severer (level 13, -1/104 HPs)
             Began as a Coglin Fighter on Apr 13, 2024.
             Was a Priest of Ru.
             Slain by a 17-headed hydra (9 damage)
             ... on level 3 of the Lair of Beasts.
             The game lasted 01:09:40 (17104 turns).

Daunt the Severer (Coglin Fighter)                 Turns: 17104, Time: 01:09:40

Health: -1/104     AC: 18    Str: 21    XL:     13   Next: 51%
Magic:  13/13      EV:  7    Int:  8    God:    Ru [***...]
Gold:   495        SH:  0    Dex: 14    Spells: 12/12 levels left

rFire   . . .        M - +0 broad axe {Tomás}
rCold   + . .        G - +1 war axe (elec) {Anan}
rNeg    . . .        L - +3 chain mail {rC+}
rPois   .            j - +0 helmet
rElec   .            c - scarf {shadows}
rCorr   .            T - +0 pair of gloves
SInv    .            Q - +0 pair of boots
Will    .....        (amulet unavailable) Stlth
                     (ring unavailable)
HPRegen 0.37/turn    (ring unavailable)
MPRegen 0.13/turn    (no gizmo)

%: no passive effects
@: unable to drink, revved
A: inability to drink after injury 2, inability to train dodging, no ice magic,
no necromancy magic, no alchemy magic, off-hand wielding, slow wielding, warmup
strikes, no jewellery
a: Invent Gizmo, Renounce Religion, Draw Out Power


You were on level 3 of the Lair of Beasts.
You worshipped Ru.
Ru was most pleased with you.
You visited 2 branches of the dungeon, and saw 15 of its levels.
You also visited: Ossuary.

You collected 873 gold pieces.
You spent 378 gold pieces at shops.

Inventory:

Hand Weapons
 a - a +1 war axe {Bangon}
 f - a +1 dagger of speed
 G - a +1 war axe of electrocution (offhand) {Anan}
 M - a +0 broad axe (weapon) {Tomás}
Missiles
 e - 143 stones
 l - 10 boomerangs
 q - 28 poisoned darts (quivered)
 J - 4 curare-tipped darts
 K - 6 atropa-tipped darts
Armour
 b - the +1 pair of gloves of Tyanoar {Harm *Slow +Blink rCorr}
   (You found it on level 6 of the Dungeon)

   +Blink:    It lets you blink.
   rCorr:     It protects you from acid and corrosion.
   *Slow:     It may slow you when you take damage.
   Harm:      It increases damage dealt and taken.
 c - a scarf of shadows (worn)
 j - a +0 helmet (worn)
 L - a +3 chain mail of cold resistance (worn)
 Q - a +0 pair of boots (worn)
 T - a +0 pair of gloves (worn)
Wands
 n - a wand of iceblast (12)
 u - a wand of flame (6)
 F - a wand of charming (1)
 S - a wand of acid (1)
Scrolls
 i - a scroll of identify
 k - 5 scrolls of fog
 m - 3 scrolls of revelation
 o - a scroll of blinking
 s - a scroll of silence
 t - 3 scrolls of enchant weapon
 v - a scroll of enchant armour
 y - 5 scrolls of teleportation
 B - a scroll of vulnerability
 D - 4 scrolls of immolation
 E - 3 scrolls of summoning
 N - 2 scrolls of torment
 O - a scroll of poison
 P - 2 scrolls of fear
Potions
 d - 2 potions of might
 g - 6 potions of curing
 h - 3 potions of mutation
 p - a potion of enlightenment
 r - 3 potions of heal wounds
 w - a potion of berserk rage
 x - a potion of resistance
 z - 2 potions of attraction
 C - 3 potions of haste
 I - 3 potions of lignification
 R - a potion of cancellation
Miscellaneous
 A - a phantom mirror


   Skills:
 - Level 10.5 Fighting
 - Level 16.0 Axes
 - Level 3.0 Throwing
 + Level 9.9 Armour
 - Level 2.1 Shields
 - Level 8.0 Evocations


You had 12 spell levels left.
You didn't know any spells.
Your spell library contained the following spells:

 Spells                   Type           Power      Damage    Failure   Level
 Scorch                   Fire           0%         2d5       98%         2
 Confusing Touch          Hex            0%         N/A       100%        3
 Passwall                 Erth           0%         N/A       100%        3
 Tukima's Dance           Hex            0%         N/A       100%        3
 Volatile Blastmotes      Fire/Tloc      0%         2d10      100%        3
 Animate Armour           Summ/Erth      0%         N/A       100%        4
 Flame Wave               Conj/Fire      0%         2d4       100%        4
 Passage of Golubria      Tloc           0%         N/A       100%        4
 Summon Lightning Spire   Summ/Air       0%         N/A       100%        4
 Vhi's Electric Charge    Tloc/Air       0%         N/A       100%        4
 Iskenderun's Battlesphe  Conj           0%         2d6       100%        5
 Lee's Rapid Deconstruct  Erth           0%         3d4*      100%        5
 Silence                  Hex/Air        0%         N/A       100%        5
 Summon Mana Viper        Hex/Summ       0%         N/A       100%        5
 Bombard                  Conj/Erth      0%         9d1       100%        6
 Summon Cactus Giant      Summ           0%         N/A       100%        6
 Monstrous Menagerie      Summ           0%         N/A       100%        7
 Spellforged Servitor     Conj/Summ      0%         N/A       100%        7
 Lehudib's Crystal Spear  Conj/Erth      0%         10d2      100%        8
 Kiss of Death            Conj/Necr      Unusable   2d5       N/A         1
 Summon Ice Beast         Ice/Summ       Unusable   N/A       N/A         3
 Dispel Undead            Necr           Unusable   3d6       N/A         4
 Yara's Violent Unravell  Hex/Alch       Unusable   3d3       N/A         5

Dungeon Overview and Level Annotations

Branches:
Dungeon (12/15)            Temple (0/1) D:6            Lair (3/5) D:10
  Swamp (0/4) Lair:2          Orc (0/2) D:10        Ossuary (visited)
  Snake: Lair:2-3    Spider: Lair:2-3

Altars:
Cheibriados
Elyvilon
Fedhas
Okawaru
Ru
Trog
Vehumet
Xom

Shops:
D:4 *   D:9 ?


Innate Abilities, Weirdness & Mutations

You sometimes lose the ability to drink potions when taking damage.
You cannot train Dodging skill.
You cannot study or cast Ice magic.
You cannot study or cast Necromancy magic.
You cannot study or cast Alchemy magic.
You can wield a second weapon in your off-hand.
It takes a long time for you to wield or remove held weapons.
Your first few attacks do less damage.
You cannot equip rings or amulets.


Message History

The 15-headed hydra bites you but does no damage.
The 15-headed hydra bites you!
You focus your inner power and illuminate the 15-headed hydra in retribution!
The 15-headed hydra bites you but does no damage. x2
The 15-headed hydra bites you.
The 15-headed hydra bites you but does no damage.
The 15-headed hydra bites you!
The 15-headed hydra bites you but does no damage. x2
The 15-headed hydra bites you.
* * * LOW HITPOINT WARNING * * *
You feel threatened and lose the ability to drink potions!
The 15-headed hydra barely misses you. The 15-headed hydra bites you.
* * * LOW HITPOINT WARNING * * *
The 15-headed hydra bites you but does no damage.
The 15-headed hydra bites you!
* * * LOW HITPOINT WARNING * * *
The 15-headed hydra barely misses you.
You hack one of the 15-headed hydra's heads off!
The 14-headed hydra grows two more!
You slash the 16-headed hydra with your +0 broad axe!
The 16-headed hydra is severely wounded.
You lop one of the 16-headed hydra's heads off!
The 15-headed hydra grows two more!
You slash the 17-headed hydra with your +1 war axe of electrocution!
The 17-headed hydra bites you but does no damage.
The 17-headed hydra bites you.
* * * LOW HITPOINT WARNING * * *
The 17-headed hydra bites you but does no damage. x5
The 17-headed hydra bites you.
* * * LOW HITPOINT WARNING * * *
The 17-headed hydra bites you but does no damage. x2
The 17-headed hydra completely misses you.
The 17-headed hydra bites you but does no damage.
The 17-headed hydra bites you.
* * * LOW HITPOINT WARNING * * *
The 17-headed hydra barely misses you. The 17-headed hydra bites you.
* * * LOW HITPOINT WARNING * * *
The 17-headed hydra bites you!
You die...
Ru respects your ultimate sacrifice.

# ##.## #........### # .#
#.....#### # #.....###.# #
#..P.....## # #.........#
# #...##...##
#################..#...###
.....##..........D###..#
......#.........@.# ..#
.###............#### ##
.#.................##
#.........<...#.....#
.P..###P......###.###
.....##P..#...# ###
.########.##..# ## #######


You could see a 17-headed hydra (corona).

Vanquished Creatures
  Rupert (Lair:3)
  Gastronok (Lair:3)
  A hydra (Lair:3)
  A catoblepas (Lair:3)
  2 boulder beetles
  Sonja (Lair:3)
  Nergalle (Lair:3)
  Amaemon (Lair:1)
  A deep elf pyromancer (D:10)
  A bog body (Lair:2)
  2 black mambas (Lair:3)
  7 elephants (Lair:3)
  Joseph (D:8)
  9 cane toads
  5 komodo dragons
  3 rime drakes
  A kobold demonologist (D:5)
  A polar bear (D:10)
  5 blink frogs
  4 dream sheep (Lair:3)
  6 slime creatures
  25 yaks
  A shadow (D:11)
  Eustachio (D:4)
  2 wyverns
  A vampire mosquito (D:11)
  2 basilisks
  2 steam dragons
  A death yak simulacrum (Lair:3)
  A swamp worm (Lair:2)
  11 water moccasins
  3 nagas (Lair:3)
  2 acid dragons
  Duvessa (D:5)
  4 ice beasts
  3 sky beasts
  3 orc warriors
  2 ogres
  2 black bears
  6 wolves
  3 centaurs
  2 kobold brigands
  2 elf zombies (Ossuary)
  A weeping skull (Ossuary)
  13 bullfrogs
  2 gnoll sergeants
  2 scorpions
  3 wights (D:9)
  17 killer bees
  2 electric eels (Lair:2)
  4 howler monkeys
  2 centaur zombies (Ossuary)
  5 hounds
  2 orc priests
  2 iguanas (D:7)
  4 sleepcaps
  4 orc wizards
  A crocodile zombie (Ossuary)
  2 wolf simulacra (Lair:3)
  2 hound zombies (Ossuary)
  4 mummies
  11 gnolls
  4 adders
  A shadow imp (D:5)
  A white imp (D:6)
  5 adder zombies (Ossuary)
  4 dart slugs
  22 orcs
  10 ball pythons
  6 bats
  7 endoplasms
  6 giant cockroaches
  5 goblins
  5 hobgoblins
  20 kobolds
  4 quokkas
  3 ball python zombies (Ossuary)
  A frilled lizard (D:2)
  A hobgoblin zombie (D:4)
  5 jackal zombies (Ossuary)
  5 kobold zombies
  3 orc zombies (Ossuary)
  10 rats
346 creatures vanquished.

Vanquished Creatures (others)
  A black mamba (Lair:3)
  An acid dragon (D:8)
  Dowan (D:5)
  A gnoll (D:11)
  A kobold (D:6)
5 creatures vanquished.

Grand Total: 351 creatures vanquished

Notes
Turn   | Place    | Note
-------+----------+-------------------------------------------
     0 | D:1      | Daunt the Coglin Fighter began the quest for the Orb.
     0 | D:1      | Reached XP level 1. HP: 18/18 MP: 1/1
   118 | D:1      | Reached XP level 2. HP: 24/24 MP: 2/2
   244 | D:1      | Reached skill level 3 in Axes
   327 | D:1      | You fall into a shaft and drop 1 floor!
   493 | D:1      | Reached XP level 3. HP: 29/29 MP: 3/3
  1169 | D:2      | Reached skill level 4 in Axes
  1302 | D:2      | Reached XP level 4. HP: 35/35 MP: 4/4
  1754 | D:3      | Reached skill level 5 in Axes
  1754 | D:3      | Reached XP level 5. HP: 21/41 MP: 5/5
  2398 | D:3      | Found a hide-covered altar of Uskayaw.
  2399 | D:3      | Found a shimmering altar of Xom.
  2399 | D:3      | Found a radiant altar of Vehumet.
  2402 | D:3      | Found a shimmering altar of Xom.
  2402 | D:3      | Found a bloodstained altar of Trog.
  2402 | D:3      | Found a bloodstained altar of Trog.
  2495 | D:4      | Noticed Eustachio
  2640 | D:4      | Found a sand-covered staircase.
  2718 | Ossuary  | Entered an ossuary
  2838 | Ossuary  | Reached skill level 6 in Axes
  2850 | Ossuary  | Noticed a weeping skull
  2854 | Ossuary  | Reached XP level 6. HP: 44/47 MP: 6/6
  3031 | Ossuary  | Reached skill level 7 in Axes
  3033 | Ossuary  | Reached XP level 7. HP: 48/52 MP: 7/7
  3123 | D:4      | Killed Eustachio
  3124 | D:4      | Reached skill level 8 in Axes
  3354 | D:4      | Found a white marble altar of Elyvilon.
  3417 | D:4      | Found Jalli's Lightly-Used Armoury.
  3643 | D:5      | Entered Level 5 of the Dungeon
  3679 | D:5      | Reached skill level 1 in Dodging
  3679 | D:5      | Reached XP level 8. HP: 49/58 MP: 8/8
  3860 | D:5      | Reached skill level 9 in Axes
  4047 | D:5      | Found a sacrificial altar of Ru.
  4140 | D:5      | Became a worshipper of Ru the Awakened
  4242 | D:5      | Noticed Dowan
  4243 | D:5      | Noticed Duvessa
  4250 | D:5      | Your ally Dowan died
  4257 | D:5      | Killed Duvessa
  5267 | D:6      | Reached XP level 9. HP: 66/66 MP: 9/9
  5269 | D:6      | Identified the +1 pair of gloves of Tyanoar {Harm *Slow
                  | +Blink rCorr}
  5363 | D:6      | Reached skill level 10 in Axes
  5376 | D:6      | Found a staircase to the Ecumenical Temple.
  5425 | D:6      | Noticed a kobold demonologist
  5426 | D:6      | Noticed a smoke demon
  5578 | D:7      | Reached skill level 5 in Fighting
  5824 | D:7      | Gained mutation: You cannot study or cast Ice magic. [Ru
                  | sacrifice]
  5824 | D:7      | Gained mutation: You cannot study or cast Alchemy magic.
                  | [Ru sacrifice]
  5824 | D:7      | Gained mutation: You cannot study or cast Necromancy magic.
                  | [Ru sacrifice]
  5824 | D:7      | Reached * piety under Ru
  6011 | D:7      | Reached skill level 11 in Axes
  6389 | D:8      | Found an iron altar of Okawaru.
  6416 | D:8      | Found a snail-covered altar of Cheibriados.
  6901 | D:8      | Reached XP level 10. HP: 62/77 MP: 10/10
  7261 | D:8      | Noticed Joseph
  7690 | D:5      | Killed a kobold demonologist
  7691 | D:5      | Reached skill level 12 in Axes
  7691 | D:5      | Reached skill level 1 in Evocations
  8011 | D:8      | Killed Joseph
  8012 | D:8      | Reached skill level 1 in Throwing
  9047 | D:9      | Found Zejefyeg's Magic Scroll Shop.
  9050 | D:9      | Bought a scroll of torment for 133 gold pieces
  9050 | D:9      | Bought a scroll of enchant armour for 105 gold pieces
  9050 | D:9      | Bought a scroll of immolation for 56 gold pieces
  9050 | D:9      | Bought a scroll of identify for 28 gold pieces
  9050 | D:9      | Bought a scroll of identify for 28 gold pieces
  9050 | D:9      | Bought a scroll of identify for 28 gold pieces
  9388 | D:10     | Entered Level 10 of the Dungeon
 10050 | D:10     | Reached skill level 13 in Axes
 10055 | D:9      | Reached XP level 11. HP: 27/86 MP: 11/11
 10286 | D:10     | Reached skill level 5 in Evocations
 10468 | D:10     | Found a staircase to the Lair.
 10575 | D:10     | Found a staircase to the Orcish Mines.
 10793 | D:10     | Noticed a deep elf pyromancer
 10806 | D:10     | Killed a deep elf pyromancer
 11032 | D:10     | Found a blossoming altar of Fedhas.
 11366 | D:11     | Noticed a boulder beetle
 11383 | D:11     | Killed a boulder beetle
 11902 | D:11     | Reached skill level 14 in Axes
 12106 | Lair:1   | Entered Level 1 of the Lair of Beasts
 12758 | Lair:1   | Noticed Amaemon
 12865 | Lair:1   | Gained mutation: You cannot train Dodging skill. [Ru
                  | sacrifice]
 12865 | Lair:1   | Reached ** piety under Ru
 12908 | Lair:1   | Reached XP level 12. HP: 73/95 MP: 12/12
 12914 | Lair:1   | Reached skill level 5 in Armour
 13303 | Lair:1   | Killed Amaemon
 14391 | Lair:2   | Reached skill level 15 in Axes
 14477 | Lair:2   | Found a staircase to the Swamp.
 14712 | Lair:3   | Noticed a boulder beetle
 14739 | Lair:3   | Killed a boulder beetle
 14782 | Lair:3   | Noticed Sonja
 14784 | Lair:3   | Killed Sonja
 14824 | Lair:3   | Noticed Rupert
 15231 | Lair:3   | Reached skill level 10 in Fighting
 15247 | Lair:3   | Noticed Nergalle
 15422 | Lair:3   | Reached skill level 16 in Axes
 15685 | Lair:3   | Killed Nergalle
 15903 | Lair:3   | Paralysed by Rupert for 2 turns
 15914 | Lair:3   | Killed Rupert
 15915 | Lair:3   | Reached XP level 13. HP: 97/104 MP: 13/13
 16290 | Lair:3   | Gained mutation: You occasionally lose the ability to drink
                  | potions when taking damage. [Ru sacrifice]
 16290 | Lair:3   | Gained mutation: You sometimes lose the ability to drink
                  | potions when taking damage. [Ru sacrifice]
 16290 | Lair:3   | Reached *** piety under Ru
 16729 | Lair:3   | Noticed Gastronok
 16861 | Lair:3   | Killed Gastronok
 17104 | Lair:3   | Slain by a 17-headed hydra

Illustrated notes

Levels and vault maps discovered:
D:1:      dpeg_arrival_pond, layout_basic, nicolae_hexahallways
D:2:      layout_basic, lexackson_kobold_supper
D:3:      layout_loops_ring, doesnt_xom_only_xom, fountainhead
D:4:      layout_rooms, nicolae_elyvilon_peaceful_grove,
          nicolae_ossuary_entry_giza, minmay_shop_damaged, uniq_eustachio
D:5:      layout_basic, hangedman_ru_absence, uniq_duvessa
D:6:      layout_rooms, minmay_temple_entry_overgrown
D:7:      layout_rooms
D:8:      layout_basic, mainiacjoe_overflow_two_lobes, uniq_joseph
D:9:      layout_stronghold, serial_shops, nicolae_shop_rolled_up
D:10:     layout_irregular_city, mainiacjoe_overflow_tiny_flanked,
          hellmonk_lair_entry_icy, david_orc_2
D:11:     layout_loops_cross, kennysheep_generic_room_10
D:12:     layout_gridville, uniq_jorgrun
Lair:1:   layout_gridlike, eino_small_chamber_without_monster, st_stairs_13,
          uniq_amaemon
Lair:2:   layout_big_grid, nicolae_swamp_entry_splash_gauntlet
Lair:3:   nzn_winding_woodlands_stair_cross [nzn_winding_woodlands_5x15_parted,
          nzn_winding_woodlands_center_diamonds,
          nzn_winding_woodlands_5x15_concentric,
          nzn_winding_woodlands_5x5_open_star,
          nzn_winding_woodlands_5x5_checkerboard,
          nzn_winding_woodlands_5x15_pool,
          nzn_winding_woodlands_center_pierced_h,
          nzn_winding_woodlands_5x15_eye], layout_cave_shapes,
          alex1729_snake_entry_snake, portal_ice_cave_entry_ice_simulacra,
          gauntlet_entry_generic, uniq_rupert, uniq_gastronok, uniq_sonja,
          uniq_nergalle

Skill      XL: |  1  2  3  4  5  6  7  8  9 10 11 12 13 |
---------------+----------------------------------------+-----
Axes           | 3 4 5 6 7 8 9 11 13 14 16 | 16.0
Armour         | 3 4 7 9 |  9.9
Dodging        | 1 2 0 |  0.0
Fighting       | 4 6 7 9 10 | 10.5
Evocations     | 4 7 8 |  8.0
Throwing       | 3 |  3.0
Shields        | |  2.1

Action                     |  1- 3 |  4- 6 |  7- 9 | 10-12 | 13-15 || total
---------------------------+-------+-------+-------+-------+-------++-------
  Melee: War axe           |    52 |   159 |   344 |   568 |    83 ||  1206
         Dagger            |    44 |    65 |       |       |       ||   109
         Broad axe         |       |       |       |   225 |    81 ||   306
  Throw: Dart              |       |       |       |     8 |       ||     8
 Invoke: Sacrifice Arcana  |       |       |     1 |       |       ||     1
         Reject Sacrifices |       |       |       |     1 |       ||     1
         Sacrifice Nimblen |       |       |       |     1 |       ||     1
         Sacrifice Drink   |       |       |       |       |     1 ||     1
  Evoke: Wand              |       |       |     1 |     8 |     8 ||    17
         Phantom mirror    |       |       |       |     1 |       ||     1
    Use: Scroll            |       |     5 |    11 |    11 |       ||    27
         Potion            |       |       |     2 |     6 |       ||     8
   Stab: Distracted        |       |       |       |     1 |     1 ||     2
 Armour: Scale mail        |    38 |   117 |     4 |       |       ||   159
         Chain mail        |       |       |   141 |       |   104 ||   245
         Acid dragon scale |       |       |     8 |    55 |       ||    63
         Plate armour      |       |       |     8 |   292 |       ||   300
  Dodge: Dodged            |    26 |    57 |    70 |   103 |    25 ||   281
  Block: Buckler           |     1 |       |       |       |       ||     1

Table legend: (Time is in decaauts)
 A = Elapsed time spent in this place.
 B = Non-inter-level travel time spent in this place.
 C = Inter-level travel time spent in this place.
 D = Time resting spent in this place.
 E = Time spent auto-exploring this place.
 F = Levels seen in this place.
 G = Mean time per level.
                   A        B        C        D        E       F      G
               +--------+--------+--------+--------+--------+-----+--------+
         Total |  17118 |  15858 |   1260 |   2886 |   9176 |  16 | 1069.9 |
       Dungeon |  11720 |  10929 |    791 |   1415 |   7296 |  12 |  976.7 |
          Lair |   4984 |   4516 |    468 |   1363 |   1781 |   3 | 1661.3 |
       Ossuary |    413 |    413 |      0 |    108 |     99 |   1 |  413.0 |
               +--------+--------+--------+--------+--------+-----+--------+

Top non-repeatable levels by time:
  Lair:2: 2229 daAuts
     D:9: 1752 daAuts
  Lair:1: 1675 daAuts
     D:8: 1445 daAuts
     D:5: 1394 daAuts
    D:10: 1349 daAuts
  Lair:3: 1079 daAuts
     D:1: 1020 daAuts
     D:7: 937 daAuts
     D:3: 878 daAuts
     D:6: 797 daAuts
    D:11: 748 daAuts
     D:4: 734 daAuts
     D:2: 659 daAuts
 Ossuary: 413 daAuts
